 Dungeon Crawl Stone Soup version 0.17.0-26-gececa24 (webtiles) character file.

28 4thArraOfDagon the Scratcher (level 2, -8/12 HPs)
             Began as a Felid Transmuter on Nov 20, 2015.
             Was an Initiate of Cheibriados.
             Mangled by Dustman's ghost (10 damage)
             ... on level 4 of the Dungeon.
             The game lasted 00:02:39 (596 turns).

4thArraOfDagon the Scratcher (Felid Transmuter)      Turns: 596, Time: 00:02:39

Health: -8/12      AC:  1    Str:  7    XL:     2   Next: 96%
Magic:  6/6        EV: 13    Int: 15    God:    Cheibriados [......]
Gold:   74         SH:  0    Dex: 17    Spells: 1 memorised, 4 levels left
                                        Lives:  0   Deaths: 0

rFire  + . .     SeeInvis +       - Unarmed
rCold  . . .     Clarity  .     (armour unavailable)
rNeg   . . .     SustAt   .     (shield unavailable)
rPois  .         Gourm    .     (helmet unavailable)
rElec  .         Spirit   .     (cloak unavailable)
rCorr  .         Warding  .     (gloves unavailable)
rMut   .         Stasis   .     (boots unavailable)
MR     .....                    (no amulet)
Stlth  ++........               (no ring)
                                g - ring of protection from fire

@: slow, not resistant to hostile enchantments, unstealthy
A: no armour, no weapons or thrown items, claws 1, fangs 3, see invisible,
carnivore 3, speed 1, shaggy fur 1, slow metabolism 1, sharp paws
a: Bend Time, Renounce Religion


You were on level 4 of the Dungeon.
You worshipped Cheibriados.
Cheibriados was noncommittal.
You were very full.

You visited 2 branches of the dungeon, and saw 5 of its levels.

You collected 74 gold pieces.

Inventory:

Missiles
 a - 12 arrows
Jewellery
 d - an uncursed amulet of stasis
 g - a ring of protection from fire (left paw)
Scrolls
 e - a scroll of blinking {unknown}
Potions
 f - a potion of lignification
 h - a potion of brilliance {unknown}
Books
 b - a book of Changes

   Spells                             Type                      Level
   a - Beastly Appendage              Transmutation                1
   b - Sticks to Snakes               Transmutation                2
   c - Spider Form                    Transmutation/Poison         3
   d - Ice Form                       Ice/Transmutation            4
   e - Blade Hands                    Transmutation                5
Comestibles
 c - a meat ration


   Skills:
 + Level 1.5 Fighting
 + Level 2.8 Dodging
 * Level 0.0 Stealth
 * Level 3.4 Unarmed Combat
 + Level 2.0 Spellcasting
 * Level 2.9 Transmutations


You had 4 spell levels left.
You knew the following spells:

 Your Spells              Type           Power        Failure   Level  Hunger
a - Beastly Appendage     Trmt           ##....       8%          1    #......


Dungeon Overview and Level Annotations

Branches:
Dungeon (4/15)             Temple (1/1) D:4

Altars:
Ashenzari
Cheibriados
Gozag
Okawaru
Sif Muna
Trog
Vehumet

Annotations:
D:4 Dustman's ghost, novice HuFi


Innate Abilities, Weirdness & Mutations

You cannot wear armour.
You are incapable of wielding weapons or throwing items.
You have sharp claws.
You have razor-sharp teeth.
You have supernaturally acute eyesight.
You are carnivorous and can eat meat at any time.
You cover ground quickly.
You are covered in fur (AC +1).
You have a slow metabolism.
Your sharp claws are effective at attacking unaware monsters.


Message History

Unknown command.
Unknown command.
Dustman's ghost turns its malevolent gaze towards you.
Unknown command.
You see here a jackal corpse.
Unknown command.
Unknown command.
Unknown command.
Unknown command.
Unknown command.
You see here a bread ration.
Unknown command.
Dustman's ghost hits you.
* * * LOW HITPOINT WARNING * * *
There is a stone staircase leading up here.
Unknown command.
Unknown command.
Dustman's ghost hits you!
Ouch! That really hurt!
You die...

### #.. #.# #.# #.#
####.#### #..W....#
#.##@##.# #.##†##.#
#...(...# #.##.##.#
#.......# #.##..#.#
#.# #.###.#.# #.#
#.......# #.#
#####.############..


You could see Dustman's ghost.

Vanquished Creatures
  An ooze (D:2)
  2 ball pythons
  A giant cockroach (D:2)
  4 goblins (D:2)
  3 hobgoblins (D:2)
  3 jackals (D:4)
  3 kobolds (D:2)
  4 rats
21 creatures vanquished.

Notes
Turn   | Place    | Note
--------------------------------------------------------------
     0 | D:1      | 4thArraOfDagon the Felid Transmuter began the quest for the Orb.
     0 | D:1      | Reached XP level 1. HP: 9/9 MP: 4/4
   194 | D:2      | Reached XP level 2. HP: 9/12 MP: 4/6
   518 | D:4      | Found a staircase to the Ecumenical Temple.
   528 | Temple   | Entered the Ecumenical Temple
   542 | Temple   | Became a worshipper of Cheibriados the Contemplative
   577 | D:4      | Noticed Dustman's ghost (novice HuFi)
   596 | D:4      | Mangled by Dustman's ghost

Action                   || total
-------------------------++-------
Melee: Unarmed           ||    52
 Cast: Beastly Appendage ||     6
  Use: Scroll            ||     1
 Stab: Sleeping          ||     1
  Eat: Chunk             ||     6
